 Dungeon Crawl Stone Soup version 0.19.5 (webtiles) character file.

40198 Trixie the Warrior (level 13, -6/133 HPs)
             Began as a Minotaur Berserker on Mar 14, 2017.
             Was a High Priest of Trog.
             Splashed by an acid blob's acid (14 damage)
             ... on level 5 of the Lair of Beasts.
             The game lasted 00:35:24 (15777 turns).

Trixie the Warrior (Minotaur Berserker)            Turns: 15777, Time: 00:35:25

Health: -6/133     AC:  1    Str: 24    XL:     13   Next: 73%
Magic:  12/12      EV: 18    Int:  4    God:    Trog [*****.]
Gold:   700        SH:  8    Dex: 17    Spells: 0 memorised, 12 levels left

rFire  . . .     SeeInvis .     z - +3 morningstar (holy)
rCold  . . .     Gourm    .     N - +0 troll leather armour
rNeg   + . .     Faith    .     S - +3 buckler "Obaux" {+Inv rN+ Int+2 Dex+2}
rPois  +         Spirit   .     (helmet unavailable)
rElec  .         Reflect  .     p - +2 cloak {MR+}
rCorr  .         Harm     .     y - +1 pair of gloves
MR     ++...                    w - +0 pair of boots
Stlth  +.........               Q - amulet of regeneration
                                V - ring of poison resistance
                                l - ring of protection from magic

@: corroded
A: retaliatory headbutt, horns 3, talons 1, agile 1, dopey 1, subdued magic 1
a: Berserk, Trog's Hand, Brothers in Arms, Burn Spellbooks, Renounce Religion,
Evoke Invisibility


You were on level 5 of the Lair of Beasts.
You worshipped Trog.
Trog was extremely pleased with you.
You were hungry.

You visited 3 branches of the dungeon, and saw 17 of its levels.
You also visited: Sewer and Ossuary.

You collected 940 gold pieces.
You spent 240 gold pieces at shops.

Inventory:

Hand Weapons
 z - a +3 morningstar of holy wrath (weapon)
Missiles
 g - 8 poisoned javelins (quivered)
Armour
 p - a +2 cloak of magic resistance (worn)
 w - a +0 pair of boots (worn)
 y - a +1 pair of gloves (worn)
 N - a +0 troll leather armour (worn)
 P - +0 ice dragon scales
 S - the +3 buckler "Obaux" (worn) {+Inv rN+ Int+2 Dex+2}
   (You found it on level 1 of the Lair of Beasts)

   It affects your intelligence (+2).
   It affects your dexterity (+2).
   It protects you from negative energy.
   It lets you turn invisible.
Jewellery
 l - a ring of protection from magic (left hand)
 Q - an amulet of regeneration (around neck)
 V - a ring of poison resistance (right hand)
Wands
 x - a wand of polymorph (9/24)
 D - a wand of digging (10/24)
 J - a wand of flame (27/48)
 K - a wand of random effects (34/48)
 M - a wand of confusion (41/48)
 O - a wand of enslavement (14/24)
 T - a wand of slowing (32/48)
 X - a wand of flame (19/48)
 Y - a wand of teleportation (8/9)
Scrolls
 a - 3 scrolls of identify
 d - 5 scrolls of remove curse
 e - 2 scrolls of recharging
 i - 3 scrolls of enchant weapon
 o - a scroll of blinking
 q - 4 scrolls of teleportation
 r - 3 scrolls of immolation
 u - 5 scrolls of noise
 B - a scroll of amnesia
Potions
 b - a potion of resistance
 f - 8 potions of curing
 h - 4 potions of heal wounds
 j - a potion of berserk rage {unknown}
 k - 2 potions of brilliance
 n - 4 potions of agility {unknown}
 s - 4 potions of lignification {unknown}
 t - 5 potions of ambrosia {unknown}
 v - a potion of beneficial mutation {unknown}
 A - 2 potions of cancellation {unknown}
 E - a potion of flight {unknown}
 G - a potion of degeneration {unknown}
 U - a potion of haste {unknown}
 W - a potion of might {unknown}
Books
 C - a book of Battle

   Spells                             Type                      Level
   a - Infusion                       Charms                       1
   b - Shroud of Golubria             Charms/Translocation         2
   c - Song of Slaying                Charms                       2
   d - Spectral Weapon                Hexes/Charms                 3
   e - Regeneration                   Charms/Necromancy            3
   Trog disapproves of the use of such an item.
 L - a Young Poisoner's Handbook

   Spells                             Type                      Level
   a - Sting                          Conjuration/Poison           1
   b - Mephitic Cloud                 Conjuration/Poison/Air       3
   c - Olgreb's Toxic Radiance        Poison                       4
   d - Alistair's Intoxication        Transmutation/Poison         5
   e - Venom Bolt                     Conjuration/Poison           5
   Trog disapproves of the use of such an item.
Comestibles
 c - 8 bread rations
 m - 16 fruits
 F - 8 beef jerkies
 H - 2 royal jellies
 I - 4 meat rations
 R - 3 chunks of flesh


   Skills:
 - Level 17.4 Fighting
 + Level 15.4 Maces & Flails
 - Level 12.0 Armour
 - Level 9.0 Dodging
 - Level 3.3 Shields


You had 12 spell levels left.
You didn't know any spells.

Dungeon Overview and Level Annotations

Branches:
Dungeon (10/15)            Temple (0/1) D:5            Lair (6/6) D:10
 Shoals (0/4) Lair:4       Spider (0/4) Lair:2        Slime (0/5) Lair:5
    Orc (1/2) D:10

Altars:
Nemelex Xobeh
Trog
Xom
Jiyva

Shops:
D:4 =


Innate Abilities, Weirdness & Mutations

You reflexively headbutt those who attack you in melee.
You have a pair of large horns on your head.
You have sharp toenails.
You are agile. (Dex +2)
You are dopey. (Int -2)
Your spells are a little easier to cast, but a little less powerful.


Message History

The acid burns!
You hit the plant but do no damage. You headbutt the plant!
The plant is lightly damaged.
The acid blob spits acid at you. The splash of acid hits you!
You are splashed with acid!
The acid burns!
* * * LOW HITPOINT WARNING * * *
You hit the plant but do no damage.
The plant is lightly damaged.
You block the acid blob's attack. The acid blob spits acid at you.
The splash of acid hits you!
* * * LOW HITPOINT WARNING * * *
The acid corrodes you!
You are splashed with acid!
The acid burns!
* * * LOW HITPOINT WARNING * * *
You are feeling hungry.
The acid blob spits acid at you. The splash of acid hits you!
* * * LOW HITPOINT WARNING * * *
You are splashed with acid!
The acid burns!
You die...

.......P.....P...................
......PP.........................
...............P.................
...........P.....................
......P......#...................
.............#...................
.#.........#..................P..
.#............................P..
.#..............@.........#......
.................P........P......
.#......<......P.....#........#..
................J....##.........#
.#.............PJ...............#
...........#.....#....#..........
.................................
.P.##.P#.#####..##'###...#.#.###.
########## ####._.#######.## ##


You could see an acid blob and a slime creature.

Vanquished Creatures
  Gastronok (D:8)
  The ghost of Trampli the Brawler, a journeyman TrFi of Makhleb (Lair:6)
  3 hydras
  A catoblepas (Lair:6)
  Erica (Lair:1)
  Nergalle (Lair:1)
  An oklob plant (Lair:6)
  Joseph (D:7)
  14 elephants
  26 spiny frogs
  5 black mambas
  A rime drake (Lair:5)
  2 torpor snails
  6 komodo dragons
  A troll (D:9)
  4 blink frogs
  A snapping turtle (Lair:4)
  5 hippogriffs
  27 yaks
  3 wyverns
  3 basilisks
  A steam dragon (D:7)
  2 hungry ghosts
  8 vampire mosquitoes
  Menkaure (D:5)
  5 insubstantial wisps (Lair:4)
  8 water moccasins
  4 porcupines
  2 black bears
  3 orc warriors
  A sky beast (D:7)
  Purgy (Sewer)
  2 ice beasts
  An ogre (D:7)
  3 phantoms
  A centaur (D:7)
  18 wolves
  10 crocodiles
  A gnoll sergeant (D:7)
  A big kobold (D:10)
  16 bullfrogs
  A scorpion (D:7)
  8 killer bees
  A howler monkey (D:4)
  3 electric eels
  A bullfrog zombie (D:4)
  A centaur zombie (Ossuary)
  3 crimson imps
  A quasit (D:5)
  A bullfrog skeleton (D:5)
  5 jellies
  10 orc wizards
  Crazy Yiuf (D:7)
  4 orc priests
  7 hounds
  A gnoll shaman (D:10)
  An iguana (Lair:2)
  6 worker ants
  A big kobold zombie (Ossuary)
  2 ogre zombies (Ossuary)
  2 hound zombies
  6 mummies (Ossuary)
  11 gnolls
  8 adders
  A shadow imp (D:10)
  2 oozes
  4 adder zombies
  3 adder skeletons
  3 worms
  5 dart slugs
  7 leopard geckos
  25 orcs
  2 ball pythons
  5 bats
  4 giant cockroaches
  8 goblins
  6 hobgoblins
  11 jackals
  3 quokkas
  10 frilled lizards
  A goblin zombie (Ossuary)
  14 kobolds
  2 kobold zombies (Ossuary)
  A quokka zombie (D:7)
  4 rats
  2 rat zombies (Ossuary)
  A fungus (Lair:6)
406 creatures vanquished.

Vanquished Creatures (others)
  A bullfrog (Lair:6)
  8 fungi
  43 plants
52 creatures vanquished.

Grand Total: 458 creatures vanquished

Notes
Turn   | Place    | Note
-------+----------+-------------------------------------------
     0 | D:1      | Trixie the Minotaur Berserker began the quest for the Orb.
     0 | D:1      | Reached XP level 1. HP: 19/19 MP: 0/0
   397 | D:1      | Reached XP level 2. HP: 23/27 MP: 1/1
   474 | D:1      | Found a shimmering altar of Xom.
   874 | D:2      | Reached XP level 3. HP: 25/33 MP: 2/2
   975 | D:2      | Found a faded altar of an unknown god.
  1046 | D:2      | Reached ** piety under Trog
  1052 | D:2      | Reached skill level 5 in Maces & Flails
  1148 | D:2      | Found a bloodstained altar of Trog.
  1548 | D:3      | Reached XP level 4. HP: 39/40 MP: 3/3
  1748 | D:3      | Found a glowing drain.
  1755 | Sewer    | Entered a sewer
  1873 | Sewer    | Noticed Purgy
  1882 | Sewer    | Killed Purgy
  1882 | Sewer    | Reached XP level 5. HP: 32/46 MP: 4/4
  2747 | D:4      | Found a sand-covered staircase.
  2758 | Ossuary  | Entered an ossuary
  2777 | Ossuary  | Reached XP level 6. HP: 46/52 MP: 5/5
  2788 | Ossuary  | Reached *** piety under Trog
  2877 | Ossuary  | Reached skill level 4 in Fighting
  3038 | Ossuary  | HP: 1/52 [mummy (17)]
  3444 | D:4      | Gained mutation: Your spells are a little easier to cast, but a little less powerful. [potion of mutation]
  3444 | D:4      | Gained mutation: You have sharp toenails. [potion of mutation]
  3444 | D:4      | Gained mutation: You have a pair of large horns on your head. [potion of mutation]
  3645 | D:4      | Reached skill level 5 in Fighting
  3655 | D:4      | Found Juojoc's Jewellery Emporium.
  3660 | D:4      | Gained mutation: You are agile. (Dex +2) [potion of mutation]
  3660 | D:4      | Gained mutation: You are dopey. (Int -2) [potion of mutation]
  3731 | D:4      | Reached XP level 7. HP: 43/61 MP: 6/6
  4056 | D:4      | Reached skill level 6 in Fighting
  4243 | D:5      | Entered Level 5 of the Dungeon
  4273 | D:5      | You fall through a shaft!
  4393 | D:5      | Noticed Menkaure
  4399 | D:5      | Killed Menkaure
  4513 | D:5      | Found a staircase to the Ecumenical Temple.
  4558 | D:5      | Reached skill level 7 in Fighting
  4806 | D:5      | Reached **** piety under Trog
  4806 | D:5      | Reached XP level 8. HP: 69/73 MP: 7/7
  4855 | D:5      | Found Boph's Food Shoppe.
  4997 | D:6      | Reached skill level 5 in Armour
  5099 | D:6      | Found a bloodstained altar of Trog.
  5475 | D:6      | Reached skill level 8 in Fighting
  5606 | D:7      | Found a runed door.
  6113 | D:7      | Reached skill level 9 in Fighting
  6174 | D:7      | Noticed Joseph
  6184 | D:7      | Killed Joseph
  6184 | D:7      | Reached XP level 9. HP: 79/83 MP: 8/8
  6642 | D:7      | Found a shimmering altar of Xom.
  7046 | D:7      | Noticed Crazy Yiuf
  7048 | D:7      | Killed Crazy Yiuf
  7516 | D:9      | Reached skill level 10 in Maces & Flails
  7530 | D:8      | Reached ***** piety under Trog
  7764 | D:8      | Noticed Gastronok
  7813 | D:8      | Killed Gastronok
  7813 | D:8      | Reached XP level 10. HP: 58/91 MP: 9/9
  7933 | D:8      | Found a sparkling altar of Nemelex Xobeh.
  9423 | D:10     | Entered Level 10 of the Dungeon
  9544 | D:10     | Found a staircase to the Lair.
  9704 | D:10     | Found a staircase to the Orcish Mines.
 10051 | Orc:1    | Entered Level 1 of the Orcish Mines
 10075 | Lair:1   | Entered Level 1 of the Lair of Beasts
 10075 | Lair:1   | Noticed Nergalle
 10085 | Lair:1   | Killed Nergalle
 10085 | Lair:1   | Reached XP level 11. HP: 81/97 MP: 10/10
 10142 | Lair:1   | You fall through a shaft!
 10168 | Lair:2   | Noticed a four-headed hydra
 10177 | Lair:2   | Killed a four-headed hydra
 10237 | Lair:1   | Got a dazzling buckler
 10238 | Lair:1   | Identified the +3 buckler "Obaux" {+Inv rN+ Int+2 Dex+2} (You found it on level 1 of the Lair of Beasts)
 10293 | Lair:1   | Reached skill level 10 in Fighting
 10349 | Lair:1   | Reached skill level 1 in Shields
 10692 | Lair:1   | Reached skill level 11 in Fighting
 11152 | Lair:1   | Noticed Erica
 11166 | Lair:1   | Killed Erica
 11766 | D:4      | Bought an uncursed ring of poison resistance for 240 gold pieces
 11961 | Lair:2   | Reached skill level 12 in Fighting
 11974 | Lair:2   | Found a hole to the Spider Nest.
 12105 | Lair:2   | Received a gift from Trog
 12145 | Lair:2   | Reached skill level 5 in Dodging
 12454 | Lair:2   | Reached XP level 12. HP: 85/112 MP: 11/11
 12943 | Lair:3   | Noticed a seven-headed hydra
 12962 | Lair:3   | Killed a seven-headed hydra
 13042 | Lair:3   | Reached skill level 13 in Fighting
 13145 | Lair:3   | You fall through a shaft for 3 floors!
 13145 | Lair:6   | Entered Level 6 of the Lair of Beasts
 13240 | Lair:6   | Reached skill level 14 in Fighting
 13272 | Lair:6   | Noticed Trampli's ghost (journeyman TrFi)
 13285 | Lair:6   | Killed Trampli's ghost
 13433 | Lair:6   | Reached skill level 15 in Fighting
 13639 | Lair:6   | Reached XP level 13. HP: 128/128 MP: 12/12
 13705 | Lair:6   | Received a gift from Trog
 13705 | Lair:6   | Reached skill level 16 in Fighting
 14063 | Lair:4   | Reached ****** piety under Trog
 14276 | Lair:4   | Found a staircase to the Shoals.
 14329 | Lair:4   | Reached skill level 17 in Fighting
 14643 | Lair:4   | Received a gift from Trog
 15241 | Lair:5   | Found a runed door.
 15241 | Lair:5   | Found a viscous altar of Jiyva.
 15495 | Lair:5   | Reached skill level 15 in Maces & Flails
 15576 | Lair:5   | Noticed an acid blob
 15761 | Lair:5   | Found a staircase to the Slime Pits.
 15777 | Lair:5   | Splashed by an acid blob's acid

Skill      XL: |  1  2  3  4  5  6  7  8  9 10 11 12 13 |
---------------+----------------------------------------+-----
Maces & Flails | 4 5 7 8 11 13 14 15 | 15.4
Fighting       | 5 7 9 12 15 17 | 17.4
Dodging        | 4 7 9 |  9.0
Armour         | 4 7 11 12 | 12.0
Shields        | 3 |  3.3

Action                   |  1- 3 |  4- 6 |  7- 9 | 10-12 | 13-15 || total
-------------------------+-------+-------+-------+-------+-------++-------
Melee: Mace              |    85 |   169 |   261 |   625 |       ||  1140
       Headbutt          |    16 |    36 |    63 |   193 |    58 ||   366
       Kick              |       |     7 |    94 |   296 |    34 ||   431
       Dire flail        |       |       |       |     3 |   132 ||   135
       Morningstar       |       |       |       |       |    77 ||    77
Invok: Berserk           |       |     1 |     6 |     7 |     4 ||    18
  Use: Scroll            |     1 |     2 |       |    13 |     9 ||    25
       Potion            |       |     3 |       |       |       ||     3
 Stab: Sleeping          |       |     2 |       |       |       ||     2
       Distracted        |       |       |       |     1 |       ||     1
  Eat: Chunk             |     2 |     6 |    18 |    29 |     9 ||    64
       Fruit             |       |     2 |       |     2 |     2 ||     6
Armor: Animal skin       |     9 |    19 |       |       |       ||    28
       Ring mail         |       |     3 |    90 |    21 |       ||   114
       Troll leather arm |       |       |       |   121 |    56 ||   177
Dodge: Dodged            |    48 |    92 |   168 |   348 |   142 ||   798
Block: Buckler           |       |       |       |   157 |    27 ||   184
